 Dungeon Crawl Stone Soup version 0.29.1-1-gd02db6906a (webtiles) character file.

Game seed: 14047457783188875692

3040 inhji the Protected (level 9, -8/79 HPs)
             Began as a Minotaur Fighter on Sept 26, 2022.
             Was a Follower of Trog.
             Mangled by an orc warrior
             ... wielding a +0 glaive
              (11 damage)
             ... on level 8 of the Dungeon on Sept 28, 2022.
             The game lasted 00:55:58 (7241 turns).

inhji the Protected (Minotaur Fighter)              Turns: 7241, Time: 00:55:59

Health: -8/79      AC: 18    Str: 29 (30) XL:     9   Next: 56%
Magic:  8/8        EV:  8    Int:  4 (5)  God:    Trog [*.....]
Gold:   485        SH:  5    Dex: 10 (11) Spells: 8/8 levels left

rFire   . . .      SeeInvis .   f - +2 dire flail (flame)
rCold   . . .      Faith    .   (shield currently unavailable)
rNeg    . . .      Spirit   .   g - +1 plate armour
rPois   +          Reflect  +   (helmet restricted)
rElec   .          Harm     .   (no cloak)
rCorr   .          Rampage  .   i - +0 pair of gloves
Will    .....                   G - +0 pair of boots
Stlth   ..........              D - amulet of reflection
HPRegen 0.23/turn               k - ring of poison resistance
MPRegen 0.11/turn               A - +6 ring of strength

@: no status effects
A: horns 2, retaliatory headbutt
a: Renounce Religion, Berserk


You were on level 8 of the Dungeon.
You worshipped Trog.
Trog was aware of your devotion.
You visited 2 branches of the dungeon, and saw 9 of its levels.

You collected 485 gold pieces.

Inventory:

Hand Weapons
 a - a +0 war axe
 f - a +2 dire flail of flaming (weapon)
 w - a +0 flail of holy wrath
Missiles
 h - 87 stones (quivered)
 y - 3 large rocks
 I - 5 poisoned darts
Armour
 c - a +0 buckler
 g - a +1 plate armour (worn)
 i - a +0 pair of gloves (worn)
 p - the +1 robe "Geetun" {rC+}
   (You found it on level 7 of the Dungeon)

   rC:        It protects you from cold.
 r - a +0 chain mail
 E - a +0 plate armour
 G - a +0 pair of boots (worn)
Magical Staves
 m - a staff of conjuration
Jewellery
 k - a ring of poison resistance (left hand)
 t - a ring of protection from cold
 A - a +6 ring of strength (right hand)
 B - a ring of poison resistance
 D - an amulet of reflection (around neck)
 J - an amulet of regeneration
Wands
 e - a wand of quicksilver (4)
 v - a wand of paralysis (7)
 C - a wand of mindburst (14)
Scrolls
 b - 3 scrolls of teleportation
 l - a scroll of blinking
 q - a scroll of identify
 s - a scroll of fog
 x - a scroll of brand weapon
 z - 3 scrolls of fear
Potions
 d - a potion of might
 n - a potion of resistance
 o - a potion of flight {unknown}
 u - 2 potions of lignification {unknown}
 F - 2 potions of haste
 H - a potion of attraction {unknown}


   Skills:
 + Level 7.4 Fighting
 + Level 6.6(8.5) Axes
 + Level 8.2(9.3) Maces & Flails
 + Level 0.2(5.1) Staves
 + Level 9.2 Armour
 + Level 2.0 Dodging
 + Level 1.0 Stealth
 + Level 6.1 Shields


You had 8 spell levels left.
You didn't know any spells.
Your spell library contained the following spells:

 Spells                   Type           Power      Damage    Failure   Level
 Call Canine Familiar     Summ           0%         N/A       100%        3
 Ozocubu's Armour         Ice            0%         N/A       100%        3
 Portal Projectile        Hex/Tloc       0%         N/A       100%        3
 Leda's Liquefaction      Hex/Erth       0%         N/A       100%        4
 Metabolic Englaciation   Hex/Ice        0%         N/A       100%        5
 Simulacrum               Ice/Necr       0%         N/A       100%        6


Dungeon Overview and Level Annotations

Branches:
Dungeon (8/15)             Temple (1/1) D:5
   Lair: D:8-11

Altars:
Cheibriados
Dithmenos
Elyvilon
Fedhas
Hepliaklqana
Kikubaaqudgha
Makhleb
Nemelex Xobeh
Okawaru
Qazlal
Ru
Sif Muna
Trog
Uskayaw
Vehumet
Wu Jian
Xom
Yredelemnul
Zin
The Shining One


Innate Abilities, Weirdness & Mutations

You have a pair of horns on your head.
You reflexively headbutt those who attack you in melee.


Message History

Trog accepts your kill.
Trog appreciates your killing of a magic user.
Items here: )))) [[[[ †††.
HP restored.
Found a whip.
You see here a +0 whip.
h - 81 stones (gained 4)
h - 87 stones (gained 6)
Items here: ( ))))) ÷÷.
An orc warrior, an orc priest and a boulder beetle come into view.
Found 5 stones.
The orc warrior shouts!
The orc priest shouts!
An orc wizard comes into view. It is wielding a +0 dagger.
The orc warrior closely misses you.
The orc priest invokes the aid of Beogh against you.
Beogh smites you!
The boulder beetle curls into a ball and begins rolling!
The orc warrior hits you with a +0 glaive!
You impale the orc warrior!! You burn the orc warrior.
The orc warrior is almost dead.
The orc warrior completely misses you.
The orc priest calls down the wrath of Beogh upon you.
Beogh smites you!
The orc wizard casts a spell.
The orc wizard flickers and vanishes!
Deactivating autopickup; reactivate with Ctrl-A.
The orc warrior hits you but does no damage.
You puncture the orc priest! You burn the orc priest.
You kill the orc priest!
Trog accepts your kill. You block the orc warrior's attack.
You hit the boulder beetle but do no damage.
The boulder beetle hits you!!
* * * LOW HITPOINT WARNING * * *
The boulder beetle stops rolling and uncurls.
The orc warrior completely misses you.
You feel better. The boulder beetle bites you!!
* * * LOW HITPOINT WARNING * * *
The orc warrior hits you from afar with a +0 glaive!
You die...

~..# #.# #.#
≈..# ##.# #.#
..[###..# #.#
.....#..###.#
.........##.#
.#######.##.#
.# #.##.# .#
#.##)#######
.#
#..).....@.#
.#
#.###.###B.#
.# #.# #.#
#o°# .# ###.#
#.# #°(#
....# #.#
##.#
#.####.### ..
#........#
..#
#........#
..#
#........#
...


You could see a boulder beetle and an orc warrior.

Vanquished Creatures
  Pikel (D:8)
  Menkaure (D:7)
  Edmund (D:4)
  Duvessa (D:4)
  A water moccasin (D:7)
  An orc warrior (D:6)
  A sky beast (D:7)
  A black bear (D:5)
  A centaur (D:6)
  3 phantoms
  A kobold brigand (D:8)
  2 necrophages
  3 bullfrogs (D:8)
  3 scorpions
  Dowan (D:4)
  3 killer bees (D:5)
  3 hounds
  2 jellies
  4 orc priests
  4 iguanas
  Terence (D:3)
  9 orc wizards
  Robin (D:3)
  5 gnolls
  4 adders
  A shadow imp (D:7)
  2 white imps
  2 ufetubi (D:6)
  A worm (D:3)
  2 dart slugs
  23 orcs
  2 endoplasms
  15 goblins
  4 hobgoblins (D:4)
  5 jackals
  A quokka (D:1)
  4 ball pythons
  2 bats (D:1)
  5 frilled lizards
  14 kobolds
  2 rats
  3 bushes (D:8)
146 creatures vanquished.

Vanquished Creatures (others)
  17 plants
17 creatures vanquished.

Grand Total: 163 creatures vanquished

Notes
Turn   | Place    | Note
-------+----------+-------------------------------------------
     0 | D:1      | inhji the Minotaur Fighter began the quest for the Orb.
     0 | D:1      | Reached XP level 1. HP: 19/19 MP: 0/0
    64 | D:1      | Reached XP level 2. HP: 27/27 MP: 1/1
   492 | D:2      | Reached skill level 4 in Armour
   492 | D:2      | Reached XP level 3. HP: 33/33 MP: 2/2
  1091 | D:3      | Noticed Terence
  1168 | D:3      | Killed Terence
  1169 | D:3      | Reached XP level 4. HP: 41/41 MP: 3/3
  1875 | D:4      | Noticed Robin
  2016 | D:4      | Reached XP level 5. HP: 35/47 MP: 4/4
  2036 | D:3      | Killed Robin
  2303 | D:4      | Noticed a phantom
  2310 | D:4      | Killed a phantom
  2311 | D:4      | Reached skill level 5 in Armour
  2311 | D:4      | Reached skill level 5 in Shields
  2311 | D:4      | Reached XP level 6. HP: 51/53 MP: 5/5
  2353 | D:4      | Noticed Duvessa
  2353 | D:4      | Noticed Dowan
  2496 | D:4      | Reached skill level 5 in Axes
  2715 | D:4      | Killed Duvessa
  2716 | D:4      | Reached skill level 5 in Fighting
  3097 | D:4      | Killed Dowan
  3140 | D:4      | Noticed Edmund
  3147 | D:4      | Reached XP level 7. HP: 48/61 MP: 6/6
  3171 | D:4      | Killed Edmund
  3172 | D:4      | Reached skill level 6 in Armour
  3422 | D:5      | Entered Level 5 of the Dungeon
  3489 | D:5      | Reached skill level 1 in Dodging
  3622 | D:5      | Reached skill level 1 in Maces & Flails
  3737 | D:5      | Reached XP level 8. HP: 34/70 MP: 7/7
  4000 | D:5      | Found a staircase to the Ecumenical Temple.
  4089 | D:5      | Found a shadowy altar of Dithmenos.
  4686 | Temple   | Entered the Ecumenical Temple
  4804 | Temple   | Became a worshipper of Trog the Wrathful
  5238 | D:6      | Reached skill level 7 in Armour
  5720 | D:6      | Reached skill level 8 in Armour
  6031 | D:7      | Reached skill level 5 in Maces & Flails
  6068 | D:7      | Noticed a +0 spear
  6068 | D:7      | Noticed a +0 falchion
  6068 | D:7      | Noticed a +0 short sword
  6068 | D:7      | Noticed a +0 short sword
  6069 | D:7      | Noticed a +0 dagger
  6069 | D:7      | Noticed a +0 dagger
  6071 | D:7      | Noticed a +0 spear
  6071 | D:7      | Noticed a +0 falchion
  6072 | D:7      | Found a hide-covered altar of Uskayaw.
  6082 | D:7      | Reached * piety under Trog
  6300 | D:7      | Identified the +1 robe "Geetun" {rC+}
  6329 | D:7      | Reached XP level 9. HP: 78/78 MP: 8/8
  6333 | D:7      | Noticed Menkaure
  6345 | D:7      | Killed Menkaure
  6899 | D:8      | Found a white marble altar of Elyvilon.
  6962 | D:8      | Found a basalt altar of Yredelemnul.
  6962 | D:8      | Noticed Pikel
  6974 | D:8      | Killed Pikel
  6975 | D:8      | Reached skill level 9 in Armour
  6975 | D:8      | Reached skill level 1 in Stealth
  7234 | D:8      | Noticed a boulder beetle
  7241 | D:8      | HP: 3/79 [boulder beetle (19)]
  7241 | D:8      | Mangled by an orc warrior

Illustrated notes

Levels and vault maps discovered:
D:1:      spicycebolla_arrival_ecumenical, layout_loops_ring,
          nicolae_grassy_gnolls
D:2:      layout_rooms, minmay_misc_feat_room
D:3:      layout_basic, serial_glass, glass_columns_b, glass_columns_c,
          glass_columns_b, glass_columns_a, glass_columns_a, glass_columns_a,
          uniq_terence
D:4:      layout_basic, uniq_robin, uniq_edmund, uniq_ijyb, uniq_duvessa
D:5:      layout_gridville, nicolae_dithmenos_through_a_glass_darkly,
          temple_statues, hex_large, serial_bayou_pond_e
D:6:      layout_gridville
D:7:      layout_basic, nicolae_uskayaw_en_pointe, uniq_menkaure
D:8:      minmay_angry_zag, layout_loops_ring, mainiacjoe_overflow_chevrons,
          elyvilon_altar_3, blue_anna_alchemist, uniq_pikel
Temple:   nicolae_temple_elliptical

Skill      XL: |  1  2  3  4  5  6  7  8  9 |
---------------+----------------------------+-----
Shields        | 4 5 6 |  6.1
Fighting       | 4 5 6 7 |  7.4
Armour         | 4 5 6 8 9 |  9.2
Axes           | 3 4 5 6 |  6.6
Dodging        | 1 2 |  2.0
Maces & Flails | 2 5 8 |  8.2
Stealth        | 1 |  1.0
Staves         | |  0.2

Action                   |  1- 3 |  4- 6 |  7- 9 || total
-------------------------+-------+-------+-------++-------
Melee: War axe           |    95 |    80 |    29 ||   204
       Headbutt          |    17 |    15 |    51 ||    83
       Unarmed           |     4 |       |       ||     4
       Trident           |       |     6 |       ||     6
       Staff             |       |     4 |       ||     4
       Dire flail        |       |       |   226 ||   226
  Use: Scroll            |     5 |     1 |     7 ||    13
       Potion            |     2 |     3 |    11 ||    16
 Stab: Invisible         |       |       |     1 ||     1
Armor: Scale mail        |    12 |       |       ||    12
       Plate armour      |    32 |    94 |   114 ||   240
Dodge: Dodged            |    31 |    44 |    79 ||   154
Block: Buckler           |    13 |    23 |     7 ||    43
       Other             |       |       |    20 ||    20
       Reflection        |       |       |     3 ||     3
